 Dungeon Crawl Stone Soup version 0.16.1-28-gcc2312f (webtiles) character file.

4292 Kidiri the Thaumaturge (level 10, -5/56 HPs)
             Began as a Deep Elf Wizard on May 29, 2015.
             Was a Believer of Sif Muna.
             Slain by a water moccasin (8 damage)
             ... on level 1 of the Lair of Beasts.
             The game lasted 01:37:09 (13726 turns).

Kidiri the Thaumaturge (Deep Elf Wizard)           Turns: 13726, Time: 01:37:09

Health: -5/56      AC:  6    Str:  6    XL:     10   Next: 11%
Magic:  25/39      EV: 14    Int: 25    God:    Sif Muna [**....]
Gold:   432        SH:  0    Dex: 15    Spells: 10 memorised, 2 levels left

rFire  + . .     SeeInvis .     s - +2 hammer (drain)
rCold  + . .     Clarity  .     V - +2 robe {rC+ rF+}
rNeg   . . .     SustAb   .     (no shield)
rPois  .         Gourm    .     b - +0 hat
rElec  .         Spirit   .     r - +1 cloak
rCorr  .         Warding  .     (no gloves)
rMut   .         Stasis   .     (no boots)
MR     +....                    (no amulet)
Stlth  +++.......               k - ring of stealth
                                G - ring of magical power

@: somewhat resistant to hostile enchantments, fairly stealthy
A: antennae 1, agile 1, screaming 1, placid magic 1
a: Channel Energy, Forget Spell, Renounce Religion


You were on level 1 of the Lair of Beasts.
You worshipped Sif Muna.
Sif Muna was pleased with you.
You were not hungry.

You visited 3 branches of the dungeon, and saw 11 of its levels.
You also visited: Sewer.

You collected 432 gold pieces.

Inventory:

Hand weapons
 g - a +0 dagger of venom
 q - a +2 quarterstaff of chaos
 s - a +2 hammer of draining (weapon)
 u - the +5 hand crossbow "Qawojotse" {elec, rC+ rN+}
   (You found it on level 9 of the Dungeon)

   It charges the ammunition it shoots with electricity; occasionally upon a
   hit, such missiles may discharge and cause terrible harm.
   It protects you from cold.
   It protects you from negative energy.
 T - a +2 battleaxe of chopping
Missiles
 y - 10 arrows of dispersal
 N - 10 silver bolts
 S - 11 bolts of flame
 U - 23 bolts
Armour
 b - a +0 hat (worn)
 j - a +0 fire dragon armour
 r - a +1 cloak (worn)
 E - the +9 armour of the Dragon King {rPois rF+ rC+ MR+}
   (You found it on level 4 of the Dungeon)

   It protects you from fire.
   It protects you from cold.
   It protects you from poison.
   It affects your resistance to hostile enchantments.
 R - a +0 robe of magic resistance
 V - a +2 robe of resistance (worn)
Jewellery
 k - a ring of stealth (right hand)
 p - a +3 ring of evasion
 v - an uncursed ring of teleportation
 w - a +1 ring of slaying
 G - a ring of magical power (left hand)
 K - a -6 ring of intelligence
 L - an uncursed amulet of stasis
 O - an uncursed ring of stealth
Magical devices
 f - a wand of confusion (30)
 x - a wand of frost (11)
 H - a wand of magic darts (7)
 W - a wand of teleportation (4)
Scrolls
 i - 4 scrolls of remove curse
 m - a scroll of fog
Potions
 a - a potion of mutation {unknown}
 e - 2 potions of restore abilities {unknown}
 h - 2 potions of cancellation {unknown}
 l - a potion of brilliance {unknown}
 t - a potion of flight {unknown}
 z - 3 potions of resistance {unknown}
 A - a potion of ambrosia {unknown}
 B - a potion of lignification {unknown}
 C - a potion of agility {unknown}
 I - a potion of beneficial mutation {unknown}
 P - 2 potions of curing {unknown}
Books
 c - a book of Minor Magic

   Spells                             Type                      Level
   a - Magic Dart                     Conjuration                  1
   b - Blink                          Translocation                2
   c - Call Imp                       Summoning                    2
   d - Repel Missiles                 Charms/Air                   2
   e - Slow                           Hexes                        2
   f - Conjure Flame                  Conjuration/Fire             3
   g - Mephitic Cloud                 Conjuration/Poison/Air       3
 o - the Collected Works on Enchantment and Protection
   (You acquired it on level 8 of the Dungeon)

   Spells                             Type                      Level
   a - Corona                         Hexes                        1
   b - Tukima's Dance                 Hexes                        3
   c - Fulminant Prism                Conjuration/Hexes            4
   d - Warp Weapon                    Charms/Translocation         5
   e - Ring of Flames                 Charms/Fire                  7
Comestibles
 d - 8 bread rations
 J - 6 beef jerkies
 M - a royal jelly


   Skills:
 + Level 3.3 Fighting
 * Level 3.6 Armour
 + Level 4.8 Dodging
 - Level 2.5 Stealth
 * Level 8.4 Spellcasting
 + Level 4.7 Conjurations
 + Level 5.0 Hexes
 + Level 5.2 Charms
 + Level 4.5 Summonings
 + Level 4.2 Translocations
 + Level 4.1 Fire Magic
 + Level 4.4 Air Magic
 + Level 3.7 Poison Magic


You had 2 spell levels left.
You knew the following spells:

 Your Spells              Type           Power        Failure   Level  Hunger
a - Magic Dart            Conj           ###.         1%          1    None
b - Blink                 Tloc           N/A          1%          2    None
c - Call Imp              Summ           ###.....     1%          2    None
d - Repel Missiles        Chrm/Air       ###...       1%          2    None
e - Slow                  Hex            ###.....     1%          2    None
f - Conjure Flame         Conj/Fire      ###.....     1%          3    None
g - Mephitic Cloud        Conj/Pois/Air  ###.....     1%          3    None
h - Corona                Hex            ###....      1%          1    None
i - Tukima's Dance        Hex            ###.....     1%          3    None
j - Fulminant Prism       Conj/Hex       ###.......   4%          4    ##.....


Dungeon Overview and Level Annotations

Branches:
Dungeon (9/15)             Temple (1/1) D:6            Lair (1/8) D:8
    Orc: D:9-12

Altars:
Ashenzari
Cheibriados
Dithmenos
Elyvilon
Fedhas
Gozag
Makhleb
Nemelex Xobeh
Okawaru
Qazlal
Ru
Sif Muna
Trog
Vehumet
Xom
Yredelemnul
Zin
The Shining One


Innate Abilities, Weirdness & Mutations

You have a pair of small antennae on your head.
You are agile. (Dex +2)
You occasionally shout uncontrollably at your foes.
Your spells are a little easier to cast, but a little less powerful.


Message History

* * * LOW HITPOINT WARNING * * *
The water moccasin closely misses you.
You swap places.
The fire bat bites your white imp.
Your white imp is engulfed in flames!
Your white imp is burned terribly!
The fire bat bites your white imp.
Your white imp dies!
Evoke which item? (* to show all) (? for menu, Esc to quit)
Zapping:
x - a wand of frost (12)
Press: ? - help, Shift-Dir - straight line, f - fire bat, p - fire bat
Aim: a fire bat (moderately wounded)
The puff of frost hits the fire bat.
The fire bat is frozen!
The fire bat is heavily wounded.
This wand has 11 charges left.
The fire bat completely misses you. The fire bat bites your crimson imp.
Your crimson imp is engulfed in flames.
Your crimson imp completely resists.
The fire bat bites your crimson imp.
Your crimson imp is engulfed in flames.
Your crimson imp completely resists.
The water moccasin bites you!
You die...

### ### ###
**#######.####.###P#####
,,.....................#
,,....................#*
,...............b5b...#
,...............@Sb...#
,######...(....F##.#..#
,* #....[....####..# ,**
*#.<.###.#.# #S.#
,,***#...P....#.#* #.>##
,,,...........#..###.§.#
,........#....#.$#...b##
,.......§#....#.P#.#..#
,,.......#....#.##.##.#


You could see a blink frog, a water moccasin, 3 fire bats and a friendly crimson
imp.

Vanquished Creatures
  A centaur skeleton (D:8)
  Prince Ribbit (D:7)
  The ghost of sqallbeste the Conjurer, an average DECj of Vehumet (D:4)
  Eustachio (D:4)
  A hippogriff (D:7)
  Edmund (D:4)
  4 porcupines (D:8)
  2 orc warriors (D:8)
  2 sky beasts
  2 ice beasts
  A phantom (D:7)
  3 ogres
  3 centaurs
  A big kobold (Sewer)
  Blork the orc (D:7)
  4 giant frogs (D:8)
  3 killer bees (D:8)
  A crimson imp (D:5)
  A centaur zombie (D:6)
  A giant frog skeleton (D:7)
  5 hounds
  3 jellies
  6 orc priests
  7 orc wizards
  A worker ant (D:8)
  3 worker ant zombies
  A hound skeleton (D:7)
  2 gnolls (D:3)
  9 adders
  4 river rats
  3 shadow imps
  3 worms
  An adder skeleton (D:3)
  An adder zombie (D:6)
  3 giant geckos
  An ooze (D:2)
  23 orcs
  2 ball pythons (D:3)
  A bat zombie (D:7)
  4 giant cockroaches
  13 hobgoblins
  7 jackals
  14 bats
  8 giant newts
  A giant spore (D:6)
  7 goblins
  A jackal skeleton (D:4)
  8 kobolds
  An orc zombie (D:8)
  3 quokkas
  18 rats
  2 ballistomycetes (D:6)
201 creatures vanquished.

Vanquished Creatures (collateral kills)
  An ice beast (D:6)
  A centaur (D:6)
  2 crimson imps (D:6)
  A centaur zombie (D:7)
  A giant frog zombie (D:5)
  A centaur skeleton (D:7)
  Crazy Yiuf (D:2)
  Ijyb (D:3)
  Terence (D:2)
  An adder (D:3)
  A gnoll (D:3)
  3 worms (D:2)
  2 giant geckos (D:2)
  An orc (D:3)
  A giant cockroach (D:2)
  A hobgoblin (D:2)
  A bat (D:2)
  A giant newt (D:3)
  A spectral orc (D:4)
23 creatures vanquished.

Vanquished Creatures (others)
  3 crimson imps
  7 white imps
  A fulminant prism (D:8)
  4 shadow imps
15 creatures vanquished.

Grand Total: 239 creatures vanquished

Notes
Turn   | Place    | Note
--------------------------------------------------------------
     0 | D:1      | Kidiri, the Deep Elf Wizard, began the quest for the Orb.
     0 | D:1      | Reached XP level 1. HP: 10/10 MP: 6/6
   253 | D:1      | Reached XP level 2. HP: 15/15 MP: 8/10
   257 | D:1      | Learned a level 2 spell: Blink
   260 | D:1      | Learned a level 2 spell: Call Imp
   263 | D:1      | Learned a level 2 spell: Repel Missiles
   266 | D:1      | Learned a level 2 spell: Slow
   853 | D:2      | Found a sparkling altar of Nemelex Xobeh.
   975 | D:2      | Reached skill level 1 in Charms
   990 | D:2      | Reached XP level 3. HP: 20/20 MP: 3/13
  1169 | D:2      | Reached skill level 5 in Spellcasting
  1330 | D:2      | Learned a level 3 spell: Conjure Flame
  1438 | D:2      | Noticed Terence
  1523 | D:2      | Killed Terence
  1810 | D:2      | Reached skill level 1 in Hexes
  1810 | D:2      | Reached XP level 4. HP: 24/24 MP: 13/17
  1966 | D:2      | Noticed Crazy Yiuf
  2032 | D:2      | Killed Crazy Yiuf
  2384 | D:3      | Found a glowing drain.
  2433 | Sewer    | Entered a sewer
  2441 | Sewer    | Reached skill level 1 in Air Magic
  2445 | Sewer    | Reached skill level 1 in Fighting
  2686 | Sewer    | Noticed a big kobold
  2702 | Sewer    | Killed a big kobold
  2702 | Sewer    | Reached skill level 1 in Armour
  2702 | Sewer    | Reached XP level 5. HP: 29/29 MP: 14/19
  2767 | Sewer    | Found a white marble altar of Elyvilon.
  3236 | D:3      | Found an opulent altar of Gozag.
  3310 | D:3      | Reached XP level 6. HP: 18/34 MP: 1/21
  3515 | D:3      | Reached skill level 1 in Fire Magic
  3521 | D:3      | Noticed Ijyb
  3533 | D:3      | Killed Ijyb
  4021 | D:3      | Learned a level 3 spell: Mephitic Cloud
  4662 | D:4      | Noticed sqallbeste's ghost (average DECj)
  4732 | D:4      | Killed sqallbeste's ghost
  4890 | D:4      | Noticed Eustachio
  4898 | D:4      | Found a glowing golden altar of the Shining One.
  4915 | D:4      | Reached XP level 7. HP: 38/38 MP: 16/23
  4920 | D:4      | Killed Eustachio
  4920 | D:4      | Reached skill level 1 in Poison Magic
  5085 | D:4      | Found a sacrificial altar of Ru.
  5168 | D:4      | Noticed Edmund
  5177 | D:4      | Killed Edmund
  5584 | D:4      | Found a radiant altar of Vehumet.
  5711 | D:4      | Found a basalt altar of Yredelemnul.
  6019 | D:5      | Entered Level 5 of the Dungeon
  6082 | D:5      | Reached skill level 6 in Spellcasting
  6309 | D:5      | Reached XP level 8. HP: 18/44 MP: 13/25
  7577 | D:6      | Gained mutation: Your spells are a little easier to cast, but a little less powerful. [mutagenic meat]
  7578 | D:6      | Gained mutation: You have a pair of small antennae on your head. [mutagenic meat]
  8506 | D:6      | Found a staircase to the Ecumenical Temple.
  8514 | Temple   | Entered the Ecumenical Temple
  8610 | Temple   | Became a worshipper of Sif Muna the Loreminder
  9257 | D:7      | Noticed Prince Ribbit
  9284 | D:7      | Killed Prince Ribbit
  9284 | D:7      | Reached skill level 7 in Spellcasting
  9284 | D:7      | Reached XP level 9. HP: 39/49 MP: 4/27
 10019 | D:7      | Acquired Sif Muna's first power
 10404 | D:7      | Noticed Blork the orc
 10454 | D:7      | Killed Blork the orc
 11169 | D:8      | Noticed a centaur skeleton
 11177 | D:8      | Killed a centaur skeleton
 11294 | D:8      | Gained mutation: You are agile. (Dex +2) [mutagenic meat]
 11295 | D:8      | Gained mutation: You occasionally shout uncontrollably at your foes. [mutagenic meat]
 11388 | D:8      | Reached skill level 8 in Spellcasting
 11605 | D:8      | Acquired Sif Muna's second power
 11641 | D:8      | Reached skill level 5 in Charms
 11725 | D:8      | Reached XP level 10. HP: 56/56 MP: 14/29
 11794 | D:8      | Found a staircase to the Lair.
 12323 | D:8      | Identified a scroll of acquirement
 12324 | D:8      | Identified the Collected Works on Enchantment and Protection (You acquired it on level 8 of the Dungeon)
 12327 | D:8      | Learned a level 1 spell: Corona
 12331 | D:8      | Learned a level 3 spell: Tukima's Dance
 12336 | D:8      | Learned a level 4 spell: Fulminant Prism
 12379 | D:9      | Got a brightly glowing hand crossbow
 12380 | D:9      | Identified the +5 hand crossbow "Qawojotse" {elec, rC+ rN+} (You found it on level 9 of the Dungeon)
 13459 | D:8      | Reached skill level 5 in Hexes
 13672 | Lair:1   | Entered Level 1 of the Lair of Beasts
 13726 | Lair:1   | Slain by a water moccasin

Action                   |  1- 3 |  4- 6 |  7- 9 | 10-12 || total
-------------------------+-------+-------+-------+-------++-------
Melee: Dagger            |     2 |       |       |       ||     2
       Hammer            |       |    54 |   160 |    31 ||   245
 Cast: Magic Dart        |    72 |   127 |   274 |    60 ||   533
       Call Imp          |    16 |    21 |    25 |    14 ||    76
       Conjure Flame     |     1 |    10 |    47 |     3 ||    61
       Mephitic Cloud    |       |     2 |    37 |     6 ||    45
       Repel Missiles    |       |     1 |     1 |       ||     2
       Slow              |       |       |    11 |     2 ||    13
       Blink             |       |       |     1 |     4 ||     5
       Tukima's Dance    |       |       |       |     4 ||     4
       Corona            |       |       |       |     1 ||     1
       Fulminant Prism   |       |       |       |     1 ||     1
Evoke: Wand              |       |       |       |     2 ||     2
  Use: Scroll            |     5 |     1 |    14 |     4 ||    24
       Potion            |       |     4 |     1 |     1 ||     6
 Stab: Confused          |       |       |     6 |       ||     6
  Eat: Chunk             |     2 |     9 |    13 |     1 ||    25
       Pizza             |       |     1 |     1 |       ||     2
       Meat ration       |       |       |     2 |       ||     2
       Beef jerky        |       |       |     1 |     1 ||     2
       Fruit             |       |       |       |     5 ||     5
